 Dungeon Crawl Stone Soup version 0.27.1-3-gb3d3a73c9e (webtiles) character file.

Game seed: 9558793194847860064

10345 Trumpetguy the Reanimator (level 11, 0/54 HPs)
             Began as a Deep Elf Fire Elementalist on Oct 7, 2021.
             Was a Priest of Dithmenos.
             Slain by a troll (11 damage)
             ... on level 11 of the Dungeon on Oct 12, 2021.
             The game lasted 01:56:37 (16998 turns).

Trumpetguy the Reanimator (DEFE)                   Turns: 16998, Time: 01:56:37

Health: 0/54       AC: 13    Str: 11    XL:     11   Next: 35%
Magic:  0/17       EV: 12    Int: 26    God:    Dithmenos [***...]
Gold:   292        SH:  0    Dex: 15    Spells: 6/16 levels left

rFire    . . .     SeeInvis +   q - +2 dagger (venom)
rCold    . . .     Faith    .   (no shield)
rNeg     . . .     Spirit   .   w - +5 ring mail "Puteun" {rElec Int+2 SInv}
rPois    .         Reflect  .   n - +2 helmet
rElec    +         Harm     .   (no cloak)
rCorr    .         Rampage  .   (no gloves)
Will     ++...                  (no boots)
Stlth    ++++......             (no amulet)
HPRegen  0.18/turn              u - +6 ring of strength
MPRegen  0.15/turn              C - ring of willpower

@: wreathed by umbra
A: no striking features
a: Renounce Religion, Shadow Step


You were on level 11 of the Dungeon.
You worshipped Dithmenos.
Dithmenos was most pleased with you.
You visited 2 branches of the dungeon, and saw 12 of its levels.

You collected 502 gold pieces.
You spent 210 gold pieces at shops.

Inventory:

Hand Weapons
 q - a +2 dagger of venom (weapon)
 A - a +2 vorpal shortbow
 J - a +3 short sword of freezing
 K - a +5 dagger
Missiles
 z - 2 throwing nets
Armour
 l - a +1 robe of positive energy
 n - a +2 helmet (worn)
 s - a +2 kite shield
 w - the +5 ring mail "Puteun" (worn) {rElec Int+2 SInv}
   (You found it on level 6 of the Dungeon)

   Int:       It affects your intelligence (+2).
   rElec:     It insulates you from electricity.
   SInv:      It lets you see invisible.
 G - a +0 hat
 M - +0 acid dragon scales
Magical Staves
 c - a staff of earth
Jewellery
 u - a +6 ring of strength (left hand)
 C - a ring of willpower (right hand)
 F - a ring of flight
Wands
 r - a wand of flame (9)
 y - a wand of charming (6)
 I - a wand of acid (9)
Scrolls
 a - a scroll of silence {unknown}
 b - 2 scrolls of enchant armour
 e - 3 scrolls of enchant weapon
 k - 2 scrolls of teleportation
 o - a scroll of identify
 x - 4 scrolls of amnesia
 B - 2 scrolls of magic mapping
 E - a scroll of noise {unknown}
 H - a scroll of acquirement {unknown}
 L - a scroll of summoning {unknown}
 N - a scroll of fear
Potions
 d - 5 potions of lignification
 f - a potion of magic {unknown}
 g - 4 potions of might
 h - a potion of invisibility {unknown}
 i - 2 potions of curing
 j - a potion of heal wounds
 m - a potion of flight
 p - a potion of berserk rage {unknown}
 t - a potion of ambrosia {unknown}
 v - a potion of haste


   Skills:
 - Level 6.2 Dodging
 - Level 6.6 Stealth
 - Level 3.0 Spellcasting
 - Level 10.0 Conjurations
 * Level 13.7 Necromancy
 - Level 8.6 Fire Magic


You had 6 spell levels left.
You knew the following spells:

 Your Spells              Type           Power      Damage    Failure   Level
a - Foxfire               Conj/Fire      100%       2x1d9     1%          1
b - Fireball              Conj/Fire      25%        3d11      14%         5
c - Animate Dead          Necr           33%        N/A       1%          4

Your spell library contained the following spells:

 Spells                   Type           Power      Damage    Failure   Level
 Conjure Flame            Conj/Fire      51%        6-21      1%          3
 Sticky Flame             Conj/Fire      51%        2d7       4%          4
 Inner Flame              Hex/Fire       26%        N/A       12%         3
 Hailstorm                Conj/Ice       29%        3d8       28%         4
 Simulacrum               Ice/Necr       19%        N/A       91%         6
 Ice Form                 Ice/Tmut       3%         N/A       92%         4
 Passage of Golubria      Tloc           N/A        N/A       92%         4
 Silence                  Hex/Air        1%         N/A       99%         5
 Infestation              Necr           33%        N/A       99%         8
 Haunt                    Necr/Summ      19%        N/A       100%        7
 Lehudib's Crystal Spear  Conj/Erth      14%        10d5      100%        8


Dungeon Overview and Level Annotations

Branches:
Dungeon (11/15)            Temple (0/1) D:4            Lair (1/6) D:9
    Orc (0/2) D:10

Altars:
Ashenzari
Dithmenos
Fedhas
Hepliaklqana
Kikubaaqudgha
Makhleb
Nemelex Xobeh
Qazlal
Trog
Uskayaw
Xom
Yredelemnul
Lugonu

Shops:
D:4 *(   D:6 ?:!

Annotations:
D:8 Transporters, items inside with monsters


Message History

The foxfire hits the troll.
The troll is lightly wounded.
The troll completely misses you. The troll closely misses you. x2
You are too injured to fight recklessly!
Casting: Foxfire (safe; 1% risk of failure)
Confirm with . or Enter, or press ? or * to list all spells.
You conjure some foxfire!
The troll closely misses you. x2
The troll barely misses you.
Casting: Foxfire (safe; 1% risk of failure)
Confirm with . or Enter, or press ? or * to list all spells.
You conjure some foxfire!
The foxfire hits the troll.
The troll is moderately wounded.
The foxfire hits the troll.
The troll is moderately wounded.
The troll misses you. The troll barely misses you.
The troll claws you but does no damage.
Your magical contamination has completely faded away.
Casting: Foxfire (safe; 1% risk of failure)
Confirm with . or Enter, or press ? or * to list all spells.
You conjure some foxfire!
The foxfire hits the troll.
The troll is heavily wounded.
The foxfire hits the troll.
The troll is heavily wounded.
The troll bites you!
* * * LOW HITPOINT WARNING * * *
The troll closely misses you. The troll barely misses you.
Casting: Foxfire (safe; 1% risk of failure)
Confirm with . or Enter, or press ? or * to list all spells.
You don't know that spell.
You barely miss the troll.
The troll is heavily wounded.
The foxfire hits the troll but does no damage.
The troll is heavily wounded.
The foxfire hits the troll.
The troll is severely wounded.
The troll bites you!
* * * LOW HITPOINT WARNING * * *
The troll claws you but does no damage. x2
You feel better. The troll bites you!
You die...

...............
#...##....##.####.## #+#
#...##.. ##.#######
...##...## #..)..#...
......... #.....#...
......... #.....รท...
........# ##...##...
........##+######+###...
.......@.....#..........
.......T.....#..........
...##...##...#..........
. ###'##...####..###..
..##...####..###..
...#...............
.$..#...............
.....#...............
.##...##....###>.###..


You could see a troll.

Vanquished Creatures
  2 two-headed ogres
  An unseen horror (D:11)
  3 trolls
  A hornet (D:9)
  Grinder (D:4)
  A wyvern (D:7)
  7 yaks
  2 steam dragons
  3 vampire mosquitoes
  An acid dragon (D:10)
  8 water moccasins
  3 black bears
  An orc warrior (D:7)
  2 ice beasts (D:7)
  3 necrophages (D:10)
  6 wolves
  A centaur (D:7)
  3 ogres
  2 phantoms (D:6)
  3 kobold brigands
  6 scorpions
  A water moccasin skeleton (D:6)
  10 killer bees
  6 wights (D:10)
  A howler monkey (D:10)
  5 centaur zombies
  5 hounds
  A bullfrog zombie (D:6)
  A jelly (D:3)
  2 orc priests
  2 bullfrog skeletons
  A gnoll shaman (D:10)
  3 iguanas
  5 orc wizards
  A hound zombie (D:5)
  A mummy (D:10)
  2 howler monkey zombies
  7 adders
  11 gnolls
  A shadow imp (D:6)
  An adder skeleton (D:4)
  3 worms
  A dart slug (D:2)
  10 orcs
  7 endoplasms
  2 giant cockroaches (D:2)
  8 goblins
  6 hobgoblins
  14 kobolds
  5 quokkas
  2 ball pythons
  4 bats
  A frilled lizard (D:3)
  6 rats
196 creatures vanquished.

Vanquished Creatures (collateral kills)
  2 killer bees
  A gnoll shaman (D:9)
  2 foxfires (D:9)
5 creatures vanquished.

Vanquished Creatures (others)
  1335 foxfires
  47 fungi (D:9)
  50 plants
  A withered plant (D:10)
1433 creatures vanquished.

Grand Total: 1634 creatures vanquished

Notes
Turn   | Place    | Note
-------+----------+-------------------------------------------
     0 | D:1      | Trumpetguy the Deep Elf Fire Elementalist began the quest
                  | for the Orb.
     0 | D:1      | Reached XP level 1. HP: 10/10 MP: 6/6
   536 | D:1      | You fall into a shaft and drop 1 floor!
   544 | D:2      | Reached XP level 2. HP: 15/15 MP: 2/8
   888 | D:2      | Reached XP level 3. HP: 19/19 MP: 3/9
  1440 | D:2      | Found a shadowy altar of Dithmenos.
  1578 | D:2      | Became a worshipper of Dithmenos the Shadowed
  1702 | D:3      | Reached XP level 4. HP: 24/24 MP: 6/10
  1818 | D:3      | Found a burning altar of Makhleb.
  2154 | D:3      | Reached skill level 5 in Fire Magic
  2160 | D:3      | Reached XP level 5. HP: 12/28 MP: 3/11
  2867 | D:3      | Found a blossoming altar of Fedhas.
  3337 | D:4      | Found a staircase to the Ecumenical Temple.
  3553 | D:4      | Reached * piety under Dithmenos
  3554 | D:4      | Reached XP level 6. HP: 28/32 MP: 4/12
  3641 | D:4      | Found Fadoc's General Store.
  4024 | D:4      | Found Libiluif's Weapon Boutique.
  4046 | D:4      | Noticed Grinder
  4332 | D:5      | Entered Level 5 of the Dungeon
  4362 | D:5      | Reached skill level 5 in Conjurations
  4414 | D:5      | Reached XP level 7. HP: 36/36 MP: 8/13
  4693 | D:5      | Found a stormy altar of Qazlal.
  4790 | D:5      | You fall into a shaft and drop 2 floors!
  4826 | D:7      | Noticed a two-headed ogre
  5208 | D:5      | Reached XP level 8. HP: 41/41 MP: 7/14
  5214 | D:5      | Learned a level 5 spell: Fireball
  5813 | D:5      | Reached skill level 5 in Stealth
  6585 | D:6      | Reached ** piety under Dithmenos
  6611 | D:6      | Reached skill level 5 in Dodging
  6738 | D:6      | Identified the +5 ring mail "Puteun" {rElec Int+2 SInv}
  6790 | D:6      | Found Reawnew's Magic Scroll Emporium.
  6801 | D:6      | Bought a scroll of enchant armour for 97 gold pieces
  6801 | D:6      | Bought a scroll of identify for 26 gold pieces
  6801 | D:6      | Bought a scroll of amnesia for 45 gold pieces
  6834 | D:6      | Found Wikay's Book Shop.
  7253 | D:6      | Found a faded altar of an unknown god.
  7253 | D:6      | Found a hazy altar of Hepliaklqana.
  7502 | D:6      | Found a basalt altar of Yredelemnul.
  7503 | D:6      | Found a bloodstained altar of Trog.
  7938 | D:6      | Found Ytystr Erchionn's Distillery.
  7941 | D:6      | Bought a potion of curing for 42 gold pieces
  7953 | D:6      | Found a sparkling altar of Nemelex Xobeh.
  8316 | D:7      | Reached XP level 9. HP: 45/45 MP: 10/15
  8573 | D:7      | Found an ancient bone altar of Kikubaaqudgha.
  8582 | D:7      | Found a hide-covered altar of Uskayaw.
  8719 | D:7      | Killed a two-headed ogre
  8720 | D:7      | Reached skill level 10 in Conjurations
  8897 | D:7      | Reached skill level 1 in Necromancy
  9227 | D:4      | Killed Grinder
  9228 | D:4      | Reached skill level 3 in Necromancy
  9456 | D:8      | Reached skill level 4 in Necromancy
  9529 | D:8      | Learned a level 4 spell: Animate Dead
  9579 | D:8      | Noticed a two-headed ogre
  9953 | D:8      | Noticed a two-headed ogre
 10132 | D:8      | Killed a two-headed ogre
 10133 | D:8      | Reached skill level 6 in Necromancy
 10133 | D:8      | Reached XP level 10. HP: 50/50 MP: 4/16
 10283 | D:8      | Found a transporter.
 10309 | D:7      | Reached skill level 7 in Necromancy
 10481 | D:8      | Found a shimmering altar of Xom.
 11140 | D:8      | Noticed a green ugly thing
 11141 | D:8      | Noticed a brown ugly thing
 11142 | D:8      | Found a corrupted altar of Lugonu.
 11341 | D:8      | Found a transporter.
 11737 | D:9      | Reached skill level 8 in Necromancy
 12177 | D:9      | Reached skill level 9 in Necromancy
 12388 | D:9      | Found a staircase to the Lair.
 12618 | D:9      | Reached skill level 10 in Necromancy
 12942 | Lair:1   | Entered Level 1 of the Lair of Beasts
 13086 | D:9      | Reached skill level 11 in Necromancy
 13310 | Lair:1   | Noticed a boulder beetle
 13374 | D:10     | Entered Level 10 of the Dungeon
 14327 | D:10     | Reached *** piety under Dithmenos
 14733 | D:10     | Reached skill level 12 in Necromancy
 14733 | D:10     | Reached XP level 11. HP: 54/54 MP: 11/17
 15078 | D:10     | Found a staircase to the Orcish Mines.
 15338 | D:10     | Found a broken altar of Ashenzari.
 16083 | D:10     | Reached skill level 13 in Necromancy
 16998 | D:11     | Slain by a troll

Illustrated notes

Levels and vault maps discovered:
D:1:      shiori_arrival_oz, layout_loops_ring,
          shapermc_ecumenical_altar_flowoftime
D:2:      layout_rooms, basic_altar
D:3:      layout_basic, mainiacjoe_overflow_boulevard,
          mainiacjoe_overflow_small_starburst, kennysheep_generic_room_15
D:4:      layout_basic, minmay_temple_entry_mini_moons, serial_shops,
          nicolae_take_the_stairs, nicolae_diamond_shop, uniq_grinder
D:5:      layout_cave_pods, grunt_qazlal_sundering, kennysheep_doodads
D:6:      minmay_inner_zag, layout_rooms, beargit_hepliaklqana_dungeon_heroes,
          mainiacjoe_overflow_concentric_impassable,
          gammafunk_temple_overflow_statue, serial_shops, shop,
          nicolae_shop_window_shopping, shop
D:7:      layout_cave_pools, mainiacjoe_overflow_swirl
D:8:      gammafunk_corrupted_shrine, layout_loops_ring,
          mainiacjoe_overflow_24_doors, grunt_decor_resistance,
          chequers_serial_rivers_small_b
D:9:      layout_irregular_city, due_lair_maze_entry_diamond,
          minmay_misc_feat_plants
D:10:     layout_stronghold, ashenzari_conservatory_becter, orc_0_dummy,
          serial_undead, serial_undead_c, serial_undead_d, serial_undead_c,
          serial_undead_a
D:11:     layout_gridville
Lair:1:   layout_long_grid, basic_altar, grunt_megastairs_5,
          serial_bayou_shore_b, lemuel_fruit_tree, uniq_urug

Skill      XL: |  1  2  3  4  5  6  7  8  9 10 11 |
---------------+----------------------------------+-----
Fire Magic     | 4 5 6 7 8 |  8.6
Conjurations   | 2 3 5 6 8 10 | 10.0
Dodging        | 3 4 5 6 |  6.2
Stealth        | 3 4 5 6 |  6.6
Necromancy     | 6 12 13 | 13.7
Spellcasting   | |  3.0

Action                   |  1- 3 |  4- 6 |  7- 9 | 10-12 || total
-------------------------+-------+-------+-------+-------++-------
Melee: Unarmed           |     1 |       |       |       ||     1
       Dagger            |       |       |       |    10 ||    10
 Cast: Foxfire           |    79 |   153 |   300 |   287 ||   819
       Fireball          |       |       |     1 |    15 ||    16
       Animate Dead      |       |       |     1 |     6 ||     7
Evoke: Wand              |       |       |       |    21 ||    21
  Use: Scroll            |       |       |    10 |     3 ||    13
       Potion            |       |       |     3 |     7 ||    10
Armor: Robe              |       |     2 |     7 |       ||     9
       Ring mail         |       |       |    13 |   144 ||   157
       Skin              |       |       |       |    22 ||    22
Dodge: Dodged            |     1 |    18 |    51 |   180 ||   250
